 Dungeon Crawl Stone Soup version 0.27-a0-419-g7a85846853 (webtiles) character file.

Game seed: 3947727514078417534

29 Chiseanne the Skirmisher (level 3, 29/29 HPs)
             Began as a Demonspawn Wanderer on Feb 26, 2021.
             Quit the game on level 2 of the Dungeon.
             The game lasted 00:01:18 (1229 turns).

Chiseanne the Skirmisher (Demonspawn Wanderer)      Turns: 1229, Time: 00:01:19

Health: 29/29      AC:  7    Str: 17    XL:     3   Next: 1%
Magic:  3/3        EV:  8    Int: 11    God:
Gold:   62         SH:  8    Dex: 10    Spells: 2/2 levels left

rFire    . . .     SeeInvis .   j - +0 hand axe
rCold    . . .     Faith    .   b - +0 kite shield
rNeg     . . .     Spirit   .   c - +0 ring mail
rPois    .         Reflect  .   (helmet restricted)
rElec    .         Harm     .   (no cloak)
rCorr    .         Rampage  .   (no gloves)
Will     .....                  (no boots)
Stlth    ..........             (no amulet)
HPRegen  0.09/turn              (no ring)
MPRegen  0.08/turn              (no ring)

@: no status effects
A: antennae 1, icy blue scales 1
a: no special abilities


You were on level 2 of the Dungeon.
You visited 1 branch of the dungeon, and saw 2 of its levels.

You collected 62 gold pieces.

Inventory:

Hand Weapons
 j - a +0 hand axe (weapon)
Missiles
 e - 46 sling bullets
 h - 70 stones (quivered)
 i - 33 bolts
 k - 14 arrows
Armour
 b - a +0 kite shield (worn)
 c - a +0 ring mail (worn)
Jewellery
 a - a ring of positive energy
 f - a ring of see invisible
 l - a ring of ice
Scrolls
 d - 2 scrolls of identify
Potions
 g - a potion of haste


   Skills:
 * Level 3.3 Fighting
 - Level 2.6 Maces & Flails
 * Level 1.4 Armour
 * Level 1.5 Dodging
 * Level 2.2 Shields


You had 2 spell levels left.
You didn't know any spells.
Your spell library was empty.

Dungeon Overview and Level Annotations

Branches:
Dungeon (2/15)

Altars:


Innate Abilities, Weirdness & Mutations

You have a pair of small antennae on your head.
You are partially covered in icy blue scales. (AC +2)


Message History

You climb downwards.
A rat comes into view.
Found 28 stones, a ring mail and 14 arrows.
There is a stone staircase leading up here.
You barely miss the rat. The rat barely misses you.
You hit the rat.
You kill the rat!
No target in view!
No target in view!
No target in view!
No target in view!
No target in view!
No target in view!
No target in view!
No target in view!
No target in view!
No target in view!
No target in view!
No target in view!
No target in view!
No target in view!
No target in view!
No target in view!
No target in view!
No target in view!
h - 59 stones (gained 17)
k - 14 arrows
h - 70 stones (gained 11)
A giant cockroach comes into view.
You hit the giant cockroach.
The giant cockroach is severely wounded.
The giant cockroach barely misses you. You block the giant cockroach's attack.
You slash the giant cockroach!
You kill the giant cockroach!
You have reached level 3!
Your experience leads to an increase in your attributes!
Increase (s)trength, (i)ntelligence, or (d)exterity?
You feel stronger.
Your demonic ancestry asserts itself...
A pair of antennae grows on your head!
Are you sure you want to abandon this character and quit the game? (Confirm with "yes".)

..#.....#.##.#
........#. #.#
......... #.#
###...#.####.#
...........#.#
########.##.#.#
..............#
######....#.#######.#
+.....<..[#..@†.....#
######....########.#.
#........ #.#.#####
....# #...## #...
#...#


There were no monsters in sight!

Vanquished Creatures
  An ooze (D:1)
  2 leopard geckos (D:1)
  3 bats (D:1)
  4 giant cockroaches
  2 goblins (D:1)
  3 hobgoblins (D:1)
  A ball python (D:1)
  A frilled lizard (D:1)
  A kobold (D:1)
  3 rats
21 creatures vanquished.

Notes
Turn   | Place    | Note
-------+----------+-------------------------------------------
     0 | D:1      | Chiseanne the Demonspawn Wanderer began the quest for the
                  | Orb.
     0 | D:1      | Chiseanne set off with the following items: a +0 mace, a +0
                  | kite shield, a +0 ring mail
     0 | D:1      | Reached XP level 1. HP: 18/18 MP: 1/1
   240 | D:1      | Gained mutation: You are partially covered in icy blue
                  | scales. (AC +2) [demonic ancestry]
   240 | D:1      | Reached XP level 2. HP: 23/24 MP: 2/2
  1229 | D:2      | Gained mutation: You have a pair of small antennae on your
                  | head. [demonic ancestry]
  1229 | D:2      | Reached XP level 3. HP: 29/29 MP: 3/3
  1229 | D:2      | Quit the game

Illustrated notes

Levels and vault maps discovered:
D:1:      minmay_arrival_three_doors, layout_loops_corners,
          minmay_misc_feat_rows, minmay_pentomino_t2
D:2:      layout_basic, kennysheep_generic_room_7

Skill      XL: |  1 |
---------------+----+-----
Shields        | 2 |  2.2
Fighting       | |  3.3
Maces & Flails | |  2.6
Armour         | |  1.4
Dodging        | |  1.5

Action                   || total
-------------------------++-------
Melee: Mace              ||    32
       Hand axe          ||    54
  Use: Scroll            ||     2
Armor: Ring mail         ||    39
Dodge: Dodged            ||    50
Block: Kite shield       ||    43

Table legend: (Time is in decaauts)
 A = Elapsed time spent in this place.
 B = Non-inter-level travel time spent in this place.
 C = Inter-level travel time spent in this place.
 D = Time resting spent in this place.
 E = Time spent auto-exploring this place.
 F = Levels seen in this place.
 G = Mean time per level.
                   A        B        C        D        E       F      G
               +--------+--------+--------+--------+--------+-----+--------+
         Total |   1272 |   1232 |     40 |      0 |   1034 |   2 |  636.0 |
       Dungeon |   1272 |   1232 |     40 |      0 |   1034 |   2 |  636.0 |
               +--------+--------+--------+--------+--------+-----+--------+

Top non-repeatable levels by time:
     D:1: 1243 daAuts
     D:2: 28 daAuts
